 Dungeon Crawl Stone Soup version 0.30-a0-250-g41c1d76940 (webtiles) character file.

Game seed: 7133424584366148600

70 MudFish the Conjurer (level 4, 0/24 HPs)
             Began as a Deep Elf Conjurer on Oct 13, 2022.
             Slain by Sigmund
             ... wielding a +0 scythe
              (5 damage)
             ... on level 2 of the Dungeon.
             The game lasted 00:05:05 (1774 turns).

MudFish the Conjurer (Deep Elf Conjurer)            Turns: 1774, Time: 00:05:05

Health: 0/24       AC:  4    Str:  4    XL:     4   Next: 4%
Magic:  12/12      EV: 13    Int: 25    God:
Gold:   62         SH:  0    Dex: 13    Spells: 5/11 levels left

rFire   . . .      SeeInvis .    j - +0 quarterstaff
rCold   . . .      Faith    .    (shield currently unavailable)
rNeg    + . .      Spirit   .    a - +0 robe
rPois   .          Reflect  .    (no helmet)
rElec   .          Harm     .    l - +1 cloak
rCorr   .          Rampage  .    (no gloves)
Will    .....                    (no boots)
Stlth   ++........               (no amulet)
HPRegen 0.24/turn                h - ring of positive energy
MPRegen 0.13/turn                (no ring)

@: on berserk cooldown, slowed, very slow
A: no striking features
a: no special abilities


You were on level 2 of the Dungeon.
You visited 1 branch of the dungeon, and saw 2 of its levels.

You collected 62 gold pieces.

Inventory:

Hand Weapons
 j - a +0 quarterstaff (weapon)
Missiles
 d - a throwing net
Armour
 a - a +0 robe (worn)
 l - a +1 cloak (worn)
Jewellery
 h - a ring of positive energy (left hand)
 p - a +4 ring of protection
Scrolls
 e - a scroll of noise {unknown}
 g - a scroll of magic mapping
 k - a scroll of immolation {unknown}
 n - a scroll of fog {unknown}
 o - a scroll of acquirement {unknown}
Potions
 b - a potion of magic
 c - 2 potions of lignification
 f - a potion of flight
 m - a potion of haste


   Skills:
 * Level 1.2 Staves
 - Level 3.1 Dodging
 - Level 2.4 Stealth
 + Level 4.0 Spellcasting
 * Level 5.1 Conjurations


You had 5 spell levels left.
You knew the following spells:

 Your Spells              Type           Power      Damage    Failure   Level
a - Magic Dart            Conj           100%       1d8       1%          1
b - Searing Ray           Conj           60%        2d6       1%          2
c - Dazzling Flash        Conj/Hex       34%        N/A       10%         3

Your spell library contained the following spells:

 Spells                   Type           Power      Damage    Failure   Level
 Fulminant Prism          Conj/Hex       8%         3d7       30%         4
 Iskenderun's Mystic Bla  Conj/Tloc      17%        2d5       30%         4


Dungeon Overview and Level Annotations

Branches:
Dungeon (2/15)

Altars:

Annotations:
D:2 Sigmund


Message History

There is an open door here.
You open the door.
There is an open door here.
Sigmund the Dreaded comes into view.
He is wielding a +0 scythe.
A red film seems to cover your vision as you go berserk!
You feel yourself moving faster!
You feel mighty!
Sigmund shouts!
You feel a strong urge to attack something.
Sigmund misses you.
You sock Sigmund!
Sigmund is heavily wounded.
Sigmund mumbles some strange words.
Sigmund flickers and vanishes!
Deactivating autopickup; reactivate with Ctrl-A.
You miss something. You barely miss something. Something barely misses you.
You miss something. Something hits you.
You hit something.
You are no longer berserk.
You are exhausted.
You feel yourself slow down.
You closely miss something. Something hits you.
You sock something! Something barely misses you.
You barely miss something. Something hits you but does no damage.
You hit something. Something hits you.
You barely miss something. Something hits you.
Something hits you but does no damage.
You closely miss something.
You hear some strange, mumbled words.
A magic dart appears from out of thin air!
The magic dart hits you!
* * * LOW HITPOINT WARNING * * *
You hit something.
You hear some strange, mumbled words.
A magic dart appears from out of thin air!
The magic dart hits you.
* * * LOW HITPOINT WARNING * * *
Something barely misses you.
You closely miss something. Something hits you.
You die...

#..... ##....
#.... #...# #)..#
#...#
######...#########
#....'...'........
#@####...#########
#{#...............
#.#.##############
#.# #.# #.# ..#
..# ## #.


There were no monsters in sight!

Vanquished Creatures
  2 adders (D:2)
  2 dart slugs
  7 ball pythons
  3 bats (D:1)
  An endoplasm (D:1)
  A giant cockroach (D:1)
  4 goblins
  9 hobgoblins
  3 jackals (D:1)
  2 kobolds
  3 quokkas (D:1)
  3 frilled lizards
  3 rats (D:2)
43 creatures vanquished.

Notes
Turn   | Place    | Note
-------+----------+-------------------------------------------
     0 | D:1      | MudFish the Deep Elf Conjurer began the quest for the Orb.
     0 | D:1      | Reached XP level 1. HP: 10/10 MP: 6/6
   153 | D:1      | Reached XP level 2. HP: 15/15 MP: 2/8
   204 | D:1      | Learned a level 2 spell: Searing Ray
   928 | D:1      | Reached XP level 3. HP: 19/19 MP: 7/10
  1181 | D:2      | Learned a level 3 spell: Dazzling Flash
  1400 | D:2      | Reached skill level 5 in Conjurations
  1486 | D:2      | Reached skill level 1 in Staves
  1664 | D:2      | Reached XP level 4. HP: 21/24 MP: 4/12
  1758 | D:2      | Noticed Sigmund
  1774 | D:2      | Slain by Sigmund

Illustrated notes

Levels and vault maps discovered:
D:1:      grunt_arrival_lava_bath, layout_loops_cross
D:2:      minmay_recursive_quarters, layout_basic, uniq_sigmund

Skill      XL: |  1  2  3 |
---------------+----------+-----
Dodging        | 3 |  3.1
Conjurations   | 5 |  5.1
Staves         | 1 |  1.2
Spellcasting   | 4 |  4.0
Stealth        | |  2.4

Action                   |  1- 3 |  4- 6 || total
-------------------------+-------+-------++-------
Melee: Quarterstaff      |       |    13 ||    13
 Cast: Magic Dart        |    75 |     1 ||    76
       Searing Ray       |     4 |       ||     4
  Use: Scroll            |     6 |       ||     6
       Potion            |     1 |     1 ||     2
Armor: Robe              |       |     2 ||     2
Dodge: Dodged            |     9 |     4 ||    13

Table legend: (Time is in decaauts)
 A = Elapsed time spent in this place.
 B = Non-inter-level travel time spent in this place.
 C = Inter-level travel time spent in this place.
 D = Time resting spent in this place.
 E = Time spent auto-exploring this place.
 F = Levels seen in this place.
 G = Mean time per level.
                   A        B        C        D        E       F      G
               +--------+--------+--------+--------+--------+-----+--------+
         Total |   1759 |   1759 |      0 |    132 |   1335 |   2 |  879.5 |
       Dungeon |   1759 |   1759 |      0 |    132 |   1335 |   2 |  879.5 |
               +--------+--------+--------+--------+--------+-----+--------+

Top non-repeatable levels by time:
     D:1: 1152 daAuts
     D:2: 606 daAuts
